 Dungeon Crawl Stone Soup version 0.23.2-11-gf996548c65 (webtiles) character file.

Game seed: 6399202707696521670

123 Nattfarinn the Skirmisher (level 5, -2/34 HPs)
             Began as a Gargoyle Fighter on June 2, 2019.
             Slain by an orc warrior
             ... wielding a +0 battleaxe
              (11 damage)
             ... on level 3 of the Dungeon.
             The game lasted 00:02:21 (1546 turns).

Nattfarinn the Skirmisher (Gargoyle Fighter)        Turns: 1546, Time: 00:02:21

Health: -2/34      AC: 12    Str: 19    XL:     5   Next: 7%
Magic:  5/5        EV:  7    Int: 12    God:
Gold:   103        SH:  9    Dex: 10    Spells: 4/4 levels left

rFire    . . .     SeeInvis .   a - +0 flail
rCold    . . .     Gourm    .   c - +0 shield
rNeg     + . .     Faith    .   b - +0 scale mail
rPois    ∞         Spirit   .   (no helmet)
rElec    +         Reflect  .   w - +0 cloak
rCorr    .         Harm     .   (no gloves)
MR       .....                  (no boots)
Stlth    ..........             (no amulet)
HPRegen  0.11/turn              q - +3 ring of intelligence
MPRegen  0.09/turn              (no ring)

@: no status effects
A: negative energy resistance 1, electricity resistance, unbreathing,
petrification resistance, rot immunity, AC +4
a: no special abilities


You were on level 3 of the Dungeon.
You were not hungry.

You visited 1 branch of the dungeon, and saw 3 of its levels.

You collected 103 gold pieces.

Inventory:

Hand Weapons
 a - a +0 flail (weapon)
 v - a +4 quarterstaff of chaos
Armour
 b - a +0 scale mail (worn)
 c - a +0 shield (worn)
 w - a +0 cloak (worn)
Jewellery
 q - a +3 ring of intelligence (left hand)
 t - an uncursed ring of stealth {unknown}
Wands
 g - a wand of digging (5)
 y - a wand of paralysis (10)
Scrolls
 e - 2 scrolls of noise {unknown}
 h - 4 scrolls of blinking {unknown}
 i - 4 scrolls of magic mapping {unknown}
 l - 5 scrolls of identify {unknown}
 m - 2 scrolls of enchant weapon {unknown}
 o - 2 scrolls of remove curse {unknown}
 s - a scroll of teleportation {unknown}
Potions
 d - a potion of might
 j - a potion of brilliance {unknown}
 k - 3 potions of curing {unknown}
 n - a potion of mutation {unknown}
 p - a potion of agility {unknown}
 r - 3 potions of degeneration {unknown}
 u - a potion of magic {unknown}
Comestibles
 f - 5 rations
 x - 4 chunks of flesh


   Skills:
 * Level 4.5 Fighting
 + Level 2.7 Maces & Flails
 * Level 4.4 Armour
 + Level 3.8 Shields


You had 4 spell levels left.
You didn't know any spells.
Your spell library was empty.

Dungeon Overview and Level Annotations

Branches:
Dungeon (3/15)

Altars:


Innate Abilities, Weirdness & Mutations

You are resistant to torment.
Your stone body is resilient. (AC +4)
You are immune to poison.
You resist negative energy. (rN+)
You are resistant to electric shocks. (rElec)
You can survive without breathing.
You are immune to petrification.
You are immune to rotting.


Message History

Found an escape hatch in the ceiling.
Your shield prevents you from hitting the orc warrior.
The orc priest shouts!
The orc warrior barely misses you.
You closely miss the orc warrior. You closely miss the orc warrior.
The orc warrior hits you with a +0 battleaxe!
You block the orc's attack.
The orc warrior hits you with a +0 battleaxe.
You closely miss the orc warrior.
The orc priest calls down the wrath of Beogh upon you.
Pain shoots through your body!
* * * LOW HITPOINT WARNING * * *
You are too injured to fight recklessly!
You are too injured to fight recklessly!
You are too injured to fight recklessly!
You are too injured to fight recklessly!
The orc closely misses you.
The orc warrior hits you with a +0 battleaxe!
You die...

#..#.##.###########
#.#.÷....÷..<.....#
........#########.#
#..#.#### #.# #..#.##
#.# #...#.## #.#
#..###.## #.# ..## ##.#
###o####..< .. ##.##
#.@..o..... .#..#..#
#.#o######. .
#.#)########.#.####
#.#.....#.............
............###.#.#####
................#.#
.##.........#####.#
#........... ..#
#.............


You could see an orc warrior, an orc priest and an orc.

Vanquished Creatures
  Crazy Yiuf (D:2)
  A worker ant (D:2)
  An adder (D:3)
  An ooze (D:2)
  A worm (D:2)
  3 dart slugs
  2 leopard geckos
  An orc (D:3)
  2 ball pythons
  4 bats
  3 giant cockroaches
  4 hobgoblins
  6 kobolds
  A quokka (D:2)
  3 frilled lizards
  6 goblins
  10 rats
50 creatures vanquished.

Notes
Turn   | Place    | Note
-------+----------+-------------------------------------------
     0 | D:1      | Nattfarinn the Gargoyle Fighter began the quest for the
                  | Orb.
     0 | D:1      | Reached XP level 1. HP: 14/14 MP: 1/1
   122 | D:1      | Reached XP level 2. HP: 19/19 MP: 2/2
   482 | D:1      | Reached XP level 3. HP: 24/24 MP: 3/3
   736 | D:2      | Reached XP level 4. HP: 25/29 MP: 4/4
  1185 | D:2      | Found a runed translucent door.
  1186 | D:2      | Noticed Crazy Yiuf
  1195 | D:2      | Killed Crazy Yiuf
  1485 | D:3      | Reached XP level 5. HP: 31/34 MP: 5/5
  1537 | D:3      | Noticed an orc warrior
  1546 | D:3      | Slain by an orc warrior

Skill      XL: |  1  2  3 |
---------------+----------+-----
Fighting       | 4 |  4.5
Armour         | 4 |  4.4
Maces & Flails | |  2.7
Shields        | |  3.8

Action                   |  1- 3 |  4- 6 || total
-------------------------+-------+-------++-------
Melee: Flail             |    59 |    99 ||   158
  Eat: Chunk             |       |     2 ||     2
Armor: Scale mail        |    34 |    62 ||    96
Dodge: Dodged            |    17 |    37 ||    54
Block: Shield            |    25 |    41 ||    66
